 Dungeon Crawl Stone Soup version 0.28.0 (webtiles) character file.

Game seed: 17353582617222475051

123 SomeFlowers the Charlatan (level 4, 0/40 HPs)
             Began as a Troll Artificer on Feb 9, 2022.
             Was a High Priest of Ignis.
             Slain by a quasit (2 damage)
             ... on level 3 of the Dungeon.
             The game lasted 00:05:39 (1644 turns).

SomeFlowers the Charlatan (Troll Artificer)         Turns: 1644, Time: 00:05:40

Health: 0/40       AC:  6    Str: 20    XL:     4   Next: 79%
Magic:  12/12      EV:  1    Int:  7    God:    Ignis [*****.]
Gold:   74         SH:  0    Dex: -17 (12)Spells: 2/3 levels left

rFire   + . .      SeeInvis .   (no weapon)
rCold   + . .      Faith    .   (no shield)
rNeg    . . .      Spirit   .   i - +2 robe {Will+}
rPois   .          Reflect  .   (helmet restricted)
rElec   .          Harm     .   (no cloak)
rCorr   .          Rampage  .   (gloves unavailable)
Will    +....                   (boots unavailable)
Stlth   ..........              (no amulet)
HPRegen 0.93/turn               r - ring of protection from cold
MPRegen 0.13/turn               g - ring of magical power

@: slowed, lost dexterity, very slow
A: large, unfitting armour, claws 3, regeneration 1, shaggy fur 1, tough skin 1
a: Renounce Religion, Fiery Armour, Foxfire Swarm, Rising Flame


You were on level 3 of the Dungeon.
You worshipped Ignis.
Ignis was extremely pleased with you.
You visited 1 branch of the dungeon, and saw 3 of its levels.

You collected 74 gold pieces.

Inventory:

Hand Weapons
 a - a +0 club
 f - a +0 spear
Armour
 b - a +0 robe
 i - a +2 robe of willpower (worn)
 n - a +2 ring mail of positive energy
Jewellery
 g - a ring of magical power (right claw)
 r - a ring of protection from cold (left claw)
Wands
 c - a wand of flame (15) (quivered)
 d - a wand of charming (15)
Scrolls
 j - 5 scrolls of amnesia {unknown}
 k - a scroll of teleportation {unknown}
 l - 4 scrolls of identify {unknown}
 p - a scroll of vulnerability {unknown}
Potions
 h - a potion of might {unknown}
 m - 2 potions of curing {unknown}
 o - a potion of haste {unknown}
 q - 2 potions of invisibility {unknown}
 s - a potion of mutation {unknown}
Miscellaneous
 e - a piece from Xom's chessboard (15/15)


   Skills:
 - Level 0.7 Fighting
 * Level 2.0 Maces & Flails
 - Level 1.9 Dodging
 - Level 0.3 Stealth
 * Level 0.1 Transmutations
 + Level 3.6 Evocations


You had 2 spell levels left.
You knew the following spells:

 Your Spells              Type           Power      Damage    Failure   Level
a - Beastly Appendage     Tmut           0%         N/A       41%         1

Your spell library contained the following spells:

 Spells                   Type           Power      Damage    Failure   Level
 Animate Skeleton         Necr           0%         N/A       43%         1
 Apportation              Tloc           0%         N/A       43%         1
 Summon Small Mammal      Summ           0%         N/A       43%         1
 Wereblood                Tmut           0%         N/A       56%         2
 Spider Form              Tmut/Pois      0%         N/A       80%         3


Dungeon Overview and Level Annotations

Branches:
Dungeon (3/15)

Altars:
Ignis

Annotations:
D:3 croobank's ghost, weakling HOAK


Innate Abilities, Weirdness & Mutations

You are too large for most types of armour.
You have claws for hands.
Your natural rate of healing is unusually fast.
You are covered in fur. (AC +1)
You have tough skin. (AC +1)


Message History

The quasit bites you.
The quasit claws you but does no damage. x2
Unknown command.
Unknown command.
The quasit bites you.
The quasit claws you but does no damage. x2
The quasit bites you but does no damage.
The quasit completely misses you.
The quasit claws you but does no damage.
Unknown command.
The quasit bites you.
The quasit claws you but does no damage.
The quasit claws you.
* * * LOW HITPOINT WARNING * * *
Croobank's ghost hits you.
* * * LOW HITPOINT WARNING * * *
Unknown command.
Unknown command.
The quasit bites you but does no damage.
The quasit claws you.
* * * LOW HITPOINT WARNING * * *
The quasit claws you but does no damage.
Croobank's ghost hits you but does no damage.
The quasit bites you.
* * * LOW HITPOINT WARNING * * *
The quasit claws you.
* * * LOW HITPOINT WARNING * * *
The quasit claws you but does no damage.
There is a transporter here.
Unknown command.
You enter the transporter and appear at another place.
A bat comes into view.
The quasit bites you but does no damage.
The quasit claws you but does no damage. x2
Croobank's ghost hits you.
* * * LOW HITPOINT WARNING * * *
The quasit bites you.
* * * LOW HITPOINT WARNING * * *
The quasit claws you.
You die...

#.....###...###......
## #....##....5.©#$#.
###. #.<..#..#.#...#.#.
###... #....#..#.#...#
.. #+#.....
#....##.....#.##.##
#......#
#.....#..#...#.#.#
##......
#....©#.=.©#...#.##
##.....
##.)...#.#.....##W.#
##....
#####†##.#...#.#@5.#
##...
#####.#..#.##..##.....#
##..
......#.#...#...#.....#
##.
......##..#....##.#b..#
## .......#......##
.....#### #
####...##.##### ..
.....# # #.#..###.. ...
.##.# # #.##....... ...
....# ## . ... ........
##.# ###.


You could see a quasit, croobank's ghost and a bat.

Vanquished Creatures
  A bullfrog zombie (D:3)
  3 adders
  2 dart slugs (D:2)
  An orc (D:2)
  2 bats
  3 endoplasms
  2 giant cockroaches
  10 goblins
  3 hobgoblins
  10 jackals
  4 kobolds
  A quokka (D:2)
  5 ball pythons
  4 frilled lizards
  4 rats
55 creatures vanquished.

Vanquished Creatures (others)
  A withered plant (D:1)
1 creature vanquished.

Grand Total: 56 creatures vanquished

Notes
Turn   | Place    | Note
-------+----------+-------------------------------------------
     0 | D:1      | SomeFlowers the Troll Artificer began the quest for the
                  | Orb.
     0 | D:1      | Reached XP level 1. HP: 18/18 MP: 0/0
   224 | D:1      | Found a faded altar of an unknown god.
   233 | D:1      | Prayed at the altar of an unknown god.
   233 | D:1      | Became a worshipper of Ignis, the Dying Flame
   237 | D:1      | Reached skill level 1 in Maces & Flails
   237 | D:1      | Reached XP level 2. HP: 26/26 MP: 1/1
   599 | D:2      | Reached XP level 3. HP: 32/32 MP: 2/2
   704 | D:2      | Reached skill level 3 in Evocations
   965 | D:2      | Learned a level 1 spell: Beastly Appendage
  1040 | D:2      | Reached XP level 4. HP: 40/40 MP: 3/3
  1555 | D:3      | Found a transporter.
  1559 | D:3      | Noticed croobank's ghost (weakling HOAK)
  1593 | D:3      | Found a transporter.
  1619 | D:3      | Lost dexterity.
  1644 | D:3      | HP: 2/40 [quasit (3)]
  1644 | D:3      | Slain by a quasit

Illustrated notes

Levels and vault maps discovered:
D:1:      roderic_dead_forest, layout_basic, ebering_ecumenical_altar_petrified
D:2:      layout_rooms, dk_noncrumbling_4
D:3:      minmay_razor_zed, layout_basic, gammafunk_ghost_stat_death,
          uniq_jessica, uniq_ijyb

Skill      XL: |  1  2  3  4 |
---------------+-------------+-----
Maces & Flails | 1 2 |  2.0
Evocations     | 3 |  3.6
Fighting       | |  0.7
Dodging        | |  1.9
Stealth        | |  0.3
Transmutations | |  0.1

Action                   |  1- 3 |  4- 6 || total
-------------------------+-------+-------++-------
Melee: Unarmed           |   130 |    65 ||   195
       Punch             |     1 |     2 ||     3
 Cast: Beastly Appendage |     1 |     2 ||     3
Armor: Robe              |    50 |   174 ||   224
Dodge: Dodged            |    77 |    97 ||   174
